 Dungeon Crawl Stone Soup version 0.29.1 (webtiles) character file.

Game seed: 764337965585190811

53 sankara the Ruffian (level 3, 0/36 HPs)
             Began as a Troll Monk on Sept 12, 2022.
             Slain by a goblin
             ... wielding a +0 club
             ... led by Robin
              (3 damage)
             ... on level 2 of the Dungeon.
             The game lasted 00:01:47 (946 turns).

sankara the Ruffian (Troll Monk)                     Turns: 946, Time: 00:01:48

Health: 0/36       AC:  4    Str: 19    XL:     3   Next: 62%
Magic:  2/2        EV: 10    Int:  6    God:
Gold:   82         SH:  0    Dex: 14    Spells: 2/2 levels left

rFire   . . .      SeeInvis .     - Unarmed
rCold   . . .      Faith    .   (no shield)
rNeg    . . .      Spirit   .   a - +0 robe
rPois   .          Reflect  .   (helmet restricted)
rElec   .          Harm     .   (no cloak)
rCorr   .          Rampage  .   (gloves unavailable)
Will    .....                   (boots unavailable)
Stlth   ++........              (no amulet)
HPRegen 0.92/turn               (no ring)
MPRegen 0.08/turn               (no ring)

@: no status effects
A: large, unfitting armour, claws 3, regeneration 1, shaggy fur 1, tough skin 1
a: no special abilities


You were on level 2 of the Dungeon.
You visited 1 branch of the dungeon, and saw 2 of its levels.

You collected 82 gold pieces.

Inventory:

Missiles
 e - 15 stones (quivered)
Armour
 a - a +0 robe (worn)
Scrolls
 f - a scroll of butterflies {unknown}
 i - a scroll of magic mapping {unknown}
 j - a scroll of teleportation {unknown}
 k - a scroll of silence {unknown}
 l - a scroll of fear {unknown}
Potions
 b - a potion of ambrosia
 c - a potion of degeneration {unknown}
 d - 2 potions of berserk rage {unknown}
 g - a potion of lignification {unknown}
 h - a potion of might {unknown}
 m - a potion of haste {unknown}


   Skills:
 + Level 2.8 Fighting
 + Level 2.8 Dodging
 - Level 1.0 Stealth
 * Level 3.9 Unarmed Combat


You had 2 spell levels left.
You didn't know any spells.
Your spell library was empty.

Dungeon Overview and Level Annotations

Branches:
Dungeon (2/15)

Altars:

Annotations:
D:2 Robin


Innate Abilities, Weirdness & Mutations

You are too large for most types of armour.
You have claws for hands.
Your natural rate of healing is unusually fast.
You are covered in fur. (AC +1)
You have tough skin. (AC +1)


Message History

You claw Robin!
Robin is severely wounded.
You scratch Robin.
Robin is almost dead.
The goblin closely misses you. The goblin hits you with a +0 club.
Robin zaps a wand.
The bolt of light hits you!!
You are confused.
Ouch! That really hurt!
* * * LOW HITPOINT WARNING * * *
You are too injured to fight recklessly!
You are too injured to fight recklessly!
You are too injured to fight recklessly!
You are too injured to fight recklessly!
You are too injured to fight recklessly!
You are too injured to fight recklessly!
You are too injured to fight recklessly!
You are too injured to fight recklessly!
You are too injured to fight recklessly!
You are too injured to fight recklessly!
The goblin closely misses you. Robin throws the goblin at you!
The goblin hits you with a +0 dagger.
* * * LOW HITPOINT WARNING * * *
You claw the goblin!
You kill the goblin!
You feel less confused. Robin throws the goblin at you!
The goblin hits you with a +0 dagger.
* * * LOW HITPOINT WARNING * * *
The goblin barely misses you.
Unknown command.
You claw the goblin!
You kill the goblin!
The goblin barely misses you. x2
Robin attacks as you move away! Robin closely misses you.
The goblin hits you with a +0 club.
* * * LOW HITPOINT WARNING * * *
The goblin misses you.
Things that are here:
a +0 dagger; a goblin corpse The goblin attacks as you move away!
The goblin hits you with a +0 club.
You die...

#...†....#.......#........
#........#.<#....##......
#........#†##.........###
#.............#'#[..#.#
#.......##.####.#...#.#
####............#...# ###
##+#.##......#.).# ...#
#+##..........#####.#
......g@g.........#.#
#.....#gg.........#.#
#.....#.)....†....#.#
#+###.#g)..##.....#
#..gg.).....#.....#
#..g#.##....#.....# .. #.
#....#.....# #
#...####.### ..### ..


You could see Robin, a hobgoblin (strong) and 3 goblins.

Vanquished Creatures
  A gnoll (D:2)
  2 adders (D:2)
  2 ball pythons
  2 bats (D:1)
  An endoplasm (D:2)
  7 goblins
  2 hobgoblins
  2 kobolds (D:1)
  3 frilled lizards
  3 rats
25 creatures vanquished.

Notes
Turn   | Place    | Note
-------+----------+-------------------------------------------
     0 | D:1      | sankara the Troll Monk began the quest for the Orb.
     0 | D:1      | Reached XP level 1. HP: 22/22 MP: 0/0
   222 | D:1      | Reached XP level 2. HP: 29/29 MP: 1/1
   894 | D:2      | Reached XP level 3. HP: 28/36 MP: 2/2
   929 | D:2      | Noticed Robin
   946 | D:2      | Slain by a goblin

Illustrated notes

Levels and vault maps discovered:
D:1:      tarquinn_simple_flora_water_a, layout_loops_corners, serial_rivers,
          chequers_serial_rivers_micro_d, chequers_serial_rivers_large_a,
          chequers_serial_rivers_marsh, chequers_serial_rivers_micro_c
D:2:      layout_basic, serial_co_window_serial, co_window_paths_b,
          co_window_paths_a, co_window_paths_a, co_window_corner_a,
          co_window_corner_a, co_window_paths_a, co_window_paths_c,
          co_window_corner_b, co_window_corner_b, co_window_corner_b,
          co_window_corner_b, co_window_paths_d, co_window_4corner_b,
          glass_columns_b, glass_columns_a, basic_altar, minmay_vboxes,
          uniq_robin

Action                   || total
-------------------------++-------
Melee: Unarmed           ||    60
       Punch             ||     2
 Stab: Sleeping          ||     3
Armor: Robe              ||    19
Dodge: Dodged            ||    37
